 Dungeon Crawl Stone Soup version 0.28.0-45-g0d030f2227 (webtiles) character file.

Game seed: 6999940884902757810

122 Descartes the Magician (level 5, -7/33 HPs)
             Began as an Octopode Wanderer on Apr 13, 2022.
             Mangled by a gnoll shaman
             ... wielding a +0 whip
              (10 damage)
             ... on level 2 of the Dungeon.
             The game lasted 00:06:55 (2781 turns).

Descartes the Magician (Octopode Wanderer)          Turns: 2781, Time: 00:06:55

Health: -7/33      AC:  2    Str: 10    XL:     5   Next: 6%
Magic:  2/11       EV: 13    Int: 17    God:
Gold:   56         SH:  0    Dex: 12    Spells: 9/12 levels left

rFire   . . .      SeeInvis .   a - +0 falchion
rCold   . . .      Faith    .   (no shield)
rNeg    . . .      Spirit   .   f - +1 hat
rPois   .          Reflect  .   (no amulet)
rElec   .          Harm     .   (no ring)
rCorr   .          Rampage  .   (no ring)
Will    .....                   (no ring)
Stlth   ++........              (no ring)
HPRegen 0.11/turn               (no ring)
MPRegen 0.12/turn               (no ring)
                                (no ring)
                                (no ring)

@: lit by a corona, glowing
A: almost no armour, amphibious, 8 rings, camouflage 1, gelatinous body 1,
(nimble swimmer 1), tentacles
a: no special abilities


You were on level 2 of the Dungeon.
You visited 1 branch of the dungeon, and saw 3 of its levels.

You collected 56 gold pieces.

Inventory:

Hand Weapons
 a - a +0 falchion (weapon)
Missiles
 c - 70 stones (quivered)
Armour
 f - a +1 hat (worn)
Wands
 b - a wand of flame (7)
Scrolls
 h - a scroll of enchant weapon {unknown}
 i - a scroll of amnesia {unknown}
 j - 2 scrolls of identify {unknown}
 k - a scroll of teleportation {unknown}
Potions
 d - 2 potions of resistance {unknown}
 e - a potion of haste {unknown}
 g - a potion of curing {unknown}


   Skills:
 - Level 1.0 Fighting
 - Level 2.0 Long Blades
 + Level 1.9 Dodging
 + Level 2.8 Stealth
 - Level 4.0 Spellcasting
 + Level 1.8 Conjurations
 + Level 1.8 Fire Magic
 + Level 2.7 Evocations


You had 9 spell levels left.
You knew the following spells:

 Your Spells              Type           Power      Damage    Failure   Level
a - Foxfire               Conj/Fire      36%        2x1d5     8%          1
b - Magic Dart            Conj           36%        1d4       8%          1
c - Sandblast             Erth           6%         2d5       16%         1

Your spell library contained the following spells:

 Spells                   Type           Power      Damage    Failure   Level
 Freeze                   Ice            12%        1d4       16%         1
 Frozen Ramparts          Ice            6%         1d2       43%         3
 Portal Projectile        Hex/Tloc       6%         N/A       43%         3
 Hailstorm                Conj/Ice       6%         3d4       71%         4


Dungeon Overview and Level Annotations

Branches:
Dungeon (3/15)

Altars:

Shops:
D:1 [


Innate Abilities, Weirdness & Mutations

You cannot wear most types of armour.
You are amphibious.
You can wear up to eight rings at the same time.
Your skin changes colour to match your surroundings (Stealth+).
Your rubbery body absorbs attacks. (AC +1, EV +1)
((You are camouflaged when in or above water. (Stealth+)))
You have tentacles for arms and can constrict up to eight enemies at once.


Message History

The gnoll shaman is severely wounded.
The gnoll shaman barely misses you.
Casting: Foxfire (safe; 8% risk of failure)
Confirm with . or Enter, or press ? or * to list all spells.
You conjure some foxfire!
The gnoll shaman hits you with a +0 whip.
The foxfire hits the gnoll shaman.
The gnoll shaman is severely wounded.
The foxfire hits the gnoll shaman but does no damage.
The gnoll shaman is severely wounded.
The gnoll shaman prays to its god.
The gnoll shaman is healed somewhat.
Casting: Foxfire (safe; 8% risk of failure)
Confirm with . or Enter, or press ? or * to list all spells.
You conjure some foxfire!
The gnoll shaman hits you with a +0 whip.
The foxfire hits the gnoll shaman but does no damage.
The gnoll shaman is heavily wounded.
The foxfire hits the gnoll shaman.
The gnoll shaman is severely wounded.
The gnoll shaman hits you with a +0 whip!
The gnoll shaman barely misses you.
There is a stone staircase leading up here.
The gnoll shaman closely misses you.
You climb upwards.
There is a stone staircase leading down here.
Casting: Foxfire (safe; 8% risk of failure)
Confirm with . or Enter, or press ? or * to list all spells.
You conjure some foxfire!
The gnoll shaman hits you with a +0 whip!
* * * LOW HITPOINT WARNING * * *
You closely miss the gnoll shaman. Your grab misses the gnoll shaman.
Your squeeze misses the gnoll shaman.
The gnoll shaman is severely wounded.
The foxfire hits the gnoll shaman but does no damage.
The gnoll shaman is severely wounded.
The foxfire hits the gnoll shaman but does no damage.
The gnoll shaman is severely wounded.
The gnoll shaman hits you with a +0 whip!
You die...

...........<.....#
.###############.# .#
#.# .# #####.##### .#
#.........# ##
#.........# #.........#
#### ####
#...ยง.....#########...
...#
#....@g...........#...
##.#
#...............#.#...
#.#
#####.####......#.#...
#.# #.####......#.####
#.# #.................
#.###
######......#.#...
#...# #......#.#...
###.# #......#.[... #.#
#......##.###


You could see a gnoll shaman.

Vanquished Creatures
  A gnoll (D:2)
  6 adders
  2 worms (D:3)
  2 dart slugs (D:3)
  4 ball pythons
  6 bats
  5 endoplasms
  3 giant cockroaches
  3 goblins
  4 hobgoblins
  3 kobolds
  A quokka (D:1)
  6 frilled lizards
  6 rats
  A spectral hobgoblin (D:1)
53 creatures vanquished.

Vanquished Creatures (others)
  234 foxfires
234 creatures vanquished.

Grand Total: 287 creatures vanquished

Notes
Turn   | Place    | Note
-------+----------+-------------------------------------------
     0 | D:1      | Descartes the Octopode Wanderer began the quest for the
                  | Orb.
     0 | D:1      | Descartes set off with the following items: a +0 falchion,
                  | a wand of flame (7), 33 stones; and the following spells
                  | available to memorise: Foxfire, Magic Dart, Sandblast,
                  | Portal Projectile
     0 | D:1      | Reached XP level 1. HP: 13/13 MP: 5/5
     2 | D:1      | Learned a level 1 spell: Foxfire
     4 | D:1      | Learned a level 1 spell: Magic Dart
     6 | D:1      | Learned a level 1 spell: Sandblast
    65 | D:1      | Found Epniax's Antique Armour Boutique.
   321 | D:1      | Found a faded altar of an unknown god.
   326 | D:1      | Reached skill level 1 in Stealth
   363 | D:1      | Reached XP level 2. HP: 18/18 MP: 1/7
   708 | D:1      | Reached skill level 1 in Dodging
   709 | D:1      | Reached skill level 1 in Conjurations
   721 | D:1      | Reached skill level 1 in Fire Magic
   835 | D:1      | Reached XP level 3. HP: 23/23 MP: 4/8
  1582 | D:2      | Reached XP level 4. HP: 27/28 MP: 5/10
  2511 | D:2      | Reached XP level 5. HP: 9/33 MP: 6/11
  2781 | D:2      | Mangled by a gnoll shaman

Illustrated notes

Levels and vault maps discovered:
D:1:      eino_arrival_tree_alley, layout_basic, serial_shops,
          nicolae_square_shop, dreamdust_ecumenical_altar_drowned_temple,
          minmay_misc_feat_x
D:2:      layout_basic
D:3:      layout_loops_corners, portal_sewer_entry_b, serial_park_tiny_pond,
          hangedman_feature_mirror, kennysheep_potato

Skill      XL: |  1  2  3 |
---------------+----------+-----
Stealth        | 1 2 |  2.8
Dodging        | 1 |  1.9
Conjurations   | 1 |  1.8
Fire Magic     | 1 |  1.8
Fighting       | |  1.0
Long Blades    | |  2.0
Spellcasting   | |  4.0
Evocations     | |  2.7

Action                   |  1- 3 |  4- 6 || total
-------------------------+-------+-------++-------
Melee: Falchion          |     1 |     2 ||     3
 Cast: Foxfire           |    68 |    61 ||   129
Armor: Skin              |       |     3 ||     3
Dodge: Dodged            |     3 |    18 ||    21
